 Dungeon Crawl Stone Soup version 0.26-a0-651-gb41185065b (webtiles) character file.

Game seed: 4807477079839012034

117037 Flugslaktarn the Brawler (level 16, 0/187 HPs)
             Began as a Troll Fighter on Oct 27, 2020.
             Was the Champion of Makhleb.
             Slain by a naga warrior
             ... wielding a +0 war axe
              (11 damage)
             ... on level 1 of the Snake Pit.
             The game lasted 00:17:03 (24378 turns).

Flugslaktarn the Brawler (Troll Fighter)           Turns: 24378, Time: 00:17:03

Health: 0/187      AC: 12    Str: 28    XL:     16   Next: 22%
Magic:  0/19       EV: 15    Int: 11    God:    Makhleb [******]
Gold:   3103       SH: 12    Dex: 13    Spells: 15/15 levels left

rFire    . . .     SeeInvis .     - Unarmed
rCold    + . .     Faith    .   b - +0 kite shield
rNeg     + . .     Spirit   +   C - +1 swamp dragon scales
rPois    +         Reflect  .   (helmet restricted)
rElec    .         Harm     .   y - scarf {shadows}
rCorr    .         Rampage  .   (gloves unavailable)
MR       ++...     Clarity  +   (boots unavailable)
Stlth    ..........             I - amulet of guardian spirit
HPRegen  0.81/turn              J - ring of Toabre Eptoq {rN+ MR+ Slay+3 Stlth-}
MPRegen  0.16/turn              L - +6 ring of intelligence

@: lethally poisoned (0 -> 0)
A: large, unfitting armour, claws 3, clarity, cold resistance 1, regeneration 1,
robust 1, shaggy fur 1, tough skin 3, subdued magic 1
a: Minor Destruction, Lesser Servant of Makhleb, Major Destruction, Greater
Servant of Makhleb, Renounce Religion


You were on level 1 of the Snake Pit.
You worshipped Makhleb.
Makhleb was exalted by your worship.
You visited 4 branches of the dungeon, and saw 24 of its levels.
You also visited: Sewer, Bailey and Ice Cave.

You collected 3223 gold pieces.
You spent 120 gold pieces at shops.

Inventory:

Missiles
 e - 22 large rocks (quivered)
 F - 2 throwing nets
Armour
 b - a +0 kite shield (worn)
 f - a +2 robe
   (You took it off Sigmund on level 2 of the Dungeon)
 p - a +0 cloak
   (You took it off Crazy Yiuf on level 2 of the Dungeon)
 y - a scarf of shadows (worn)
   (You found it on level 5 of the Dungeon)
 C - +1 swamp dragon scales (worn)
   (You took it off Maggie on level 8 of the Dungeon)
 G - the +3 robe of Folly {Archmagi, MR-- Int+5}
   (You found it on level 10 of the Dungeon)

   It affects your intelligence (+5).
   It affects your resistance to hostile enchantments.
Jewellery
 i - an uncursed ring of flight
   (You took it off Grum on level 11 of the Dungeon)
 m - an uncursed ring of protection from magic
   (You took it off an orc on level 3 of the Dungeon)
 s - a +6 ring of dexterity
   (You found it on level 3 of the Dungeon)
 u - an uncursed ring of positive energy
   (You found it on level 12 of the Dungeon)
 I - an amulet of guardian spirit (around neck)
   (You found it on level 2 of the Lair of Beasts)
 J - the ring of Toabre Eptoq (left claw) {rN+ MR+ Slay+3 Stlth-}
   (You found it on level 4 of the Lair of Beasts)

   [ring of attention]

   It affects your accuracy and damage with ranged weapons and melee attacks
   (+3).
   It protects you from negative energy.
   It affects your resistance to hostile enchantments.
   It makes you less stealthy.
 L - a +6 ring of intelligence (right claw)
   (You found it on level 14 of the Dungeon)
 P - the ring of Wishful Thinking {Fire MP-9 Str+7 Int+3}
   (You found it on level 2 of the Lair of Beasts)

   [ring of fire]

   It enhances your fire magic.
   It affects your strength (+7).
   It affects your intelligence (+3).
   It protects you from fire.
   It makes you vulnerable to cold.
   It affects your magic capacity (-9).
Wands
 g - a wand of digging (4)
   (You took it off an orc on level 9 of the Dungeon)
 o - a wand of acid (38)
   (You found it on level 2 of the Dungeon)
 w - a wand of iceblast (13)
   (You found it on level 13 of the Dungeon)
 A - a wand of paralysis (3)
   (You took it off Pikel on level 8 of the Dungeon)
 H - a wand of enslavement (20)
   (You found it on level 10 of the Dungeon)
Scrolls
 k - 7 scrolls of fog
 l - 3 scrolls of magic mapping
 r - 3 scrolls of identify
 t - 12 scrolls of teleportation
 x - 10 scrolls of remove curse
 z - a scroll of blinking
 D - 2 scrolls of fear
 K - a scroll of silence
 M - a scroll of immolation
 O - 2 scrolls of enchant armour
Potions
 a - 4 potions of lignification
 c - 10 potions of mutation
 d - 2 potions of might
 h - 4 potions of flight
 j - a potion of magic
 n - 4 potions of resistance
 q - 9 potions of curing
 v - 5 potions of haste
 B - 3 potions of cancellation
 E - 3 potions of brilliance


   Skills:
 + Level 13.3 Fighting
 - Level 11.0 Dodging
 - Level 9.0 Shields
 + Level 16.6 Unarmed Combat
 - Level 6.0 Invocations
 - Level 5.0 Evocations


You had 15 spell levels left.
You didn't know any spells.
Your spell library contained the following spells:

 Spells                   Type           Power        Failure   Level
 Animate Skeleton         Necr           #.....       41%         1
 Apportation              Tloc           #.....       41%         1
 Corona                   Hex            #......      41%         1
 Foxfire                  Conj/Fire      #...         41%         1
 Freeze                   Ice            #...         41%         1
 Magic Dart               Conj           #...         41%         1
 Pain                     Necr           #...         41%         1
 Sandblast                Erth           #.....       41%         1
 Shock                    Conj/Air       #...         41%         1
 Summon Small Mammal      Summ           #...         41%         1
 Blink                    Tloc           N/A          56%         2
 Call Imp                 Summ           #.......     56%         2
 Corpse Rot               Necr/Air       N/A          56%         2
 Passwall                 Tmut/Erth      #.......     56%         2
 Slow                     Hex            #.......     56%         2
 Sublimation of Blood     Necr           #.........   56%         2
 Swiftness                Air            #.......     56%         2
 Call Canine Familiar     Summ           #.......     80%         3
 Confusing Touch          Hex            #.......     80%         3
 Conjure Flame            Conj/Fire      #.......     80%         3
 Frozen Ramparts          Ice            #.....       80%         3
 Gell's Gravitas          Tloc           #.........   80%         3
 Inner Flame              Hex/Fire       #.......     80%         3
 Lesser Beckoning         Tloc           #.........   80%         3
 Mephitic Cloud           Conj/Pois/Air  #.......     80%         3
 Ozocubu's Armour         Ice            #.......     80%         3
 Static Discharge         Conj/Air       #.......     80%         3
 Stone Arrow              Conj/Erth      #.....       80%         3
 Summon Guardian Golem    Hex/Summ       #.......     80%         3
 Tukima's Dance           Hex            #.......     80%         3
 Vampiric Draining        Necr           #.........   80%         3
 Airstrike                Air            #.........   99%         4
 Animate Dead             Necr           #.........   99%         4
 Dispel Undead            Necr           #.......     99%         4
 Hailstorm                Conj/Ice       #.......     99%         4
 Petrify                  Tmut/Erth      #.......     99%         4
 Sticky Flame             Conj/Fire      #.......     99%         4
 Summon Ice Beast         Ice/Summ       #.......     99%         4
 Summon Lightning Spire   Summ/Air       #.......     99%         4
 Agony                    Necr           #.......     100%        5
 Alistair's Intoxication  Tmut/Pois      #........    100%        5
 Excruciating Wounds      Necr           #.........   100%        5
 Fireball                 Conj/Fire      #.........   100%        5
 Lee's Rapid Deconstruct  Erth           #.........   100%        5
 Lightning Bolt           Conj/Air       #.........   100%        5
 Metabolic Englaciation   Hex/Ice        #.........   100%        5
 Yara's Violent Unravell  Hex/Tmut       #.........   100%        5
 Invisibility             Hex            #.......     100%        6


Dungeon Overview and Level Annotations

Branches:
Dungeon (15/15)            Temple (0/1) D:6            Lair (6/6) D:10
 Shoals (0/4) Lair:2        Snake (1/4) Lair:4        Slime (0/5) Lair:5
    Orc (2/2) D:10            Elf (0/3) Orc:2        Vaults (0/5) D:13
 Depths (0/5) D:15          Sewer (visited)          Bailey (visited)
  IceCv (visited)

Altars:
Ashenzari
Elyvilon
Hepliaklqana
Kikubaaqudgha
Makhleb
Nemelex Xobeh
Qazlal
Trog
Uskayaw
Vehumet
Wu Jian
Yredelemnul
Beogh
Jiyva

Shops:
D:5 :!   D:12 (:   D:15 :   Orc:1 ?   Orc:2 ?!?((

Annotations:
Orc:2 2 transporters, donkeybrains's ghost, journeyman MiBe


Innate Abilities, Weirdness & Mutations

You are too large for most types of armour.
You have claws for hands.
Your natural rate of healing is unusually fast.
You are covered in fur. (AC +1)
You have extremely tough skin. (AC +3)
You possess an exceptional clarity of mind.
Your flesh is cold resistant. (rC+)
You are robust. (+10% HP)
Your spells are a little easier to cast, but a little less powerful.


Message History

The naga warrior spits poison at you. The splash of poison misses you.
The splash of poison misses your neqoxec.
The naga warrior blocks your shadow imp's attack.
The naga warrior spits poison at your shadow imp.
The splash of poison hits your shadow imp.
Your shadow imp is poisoned.
You are too injured to fight recklessly!
You claw the naga warrior!
The naga warrior is severely wounded.
You are too injured to fight recklessly!
The naga warrior blocks your attack.
The naga warrior is severely wounded.
You feel sick.
The naga warrior hits you with a +0 dire flail!
* * * LOW HITPOINT WARNING * * *
You block the naga warrior's attack. The naga barely misses your hellwing.
The naga grabs your hellwing. The naga constricts your hellwing.
The naga warrior hits you with a +0 war axe!
You die...

#######
##.....##
##.......##
#.......5.#
#....†3!@N#
#......4NN#
#...).N...####.
#..............
#.........###S.
#.........#
#.........#
#.........#
#.........#


You could see 2 naga warriors, 2 nagas, a friendly hellwing (summoned), a
friendly neqoxec (summoned) and a friendly shadow imp (summoned, poisoned).

Vanquished Creatures
  Gastronok (D:11)
  Kirke (Lair:5)
  An ironheart preserver (D:13)
  Nessos (Lair:6)
  A dire elephant (D:15)
  Azrael (D:11)
  Fannar (D:10)
  Erolcha (Orc:1)
  4 hydras
  3 catoblepae (Lair:6)
  A death knight (D:13)
  5 anacondas (Snake:1)
  Erica (D:11)
  2 ogre magi (D:15)
  17 two-headed ogres
  5 centaur warriors
  A queen ant (Lair:2)
  7 death yaks (Lair:6)
  7 orc high priests (Orc:2)
  Sonja (Lair:6)
  Nergalle (D:12)
  A skeletal warrior (D:7)
  An unseen horror (D:13)
  2 orc knights (Bailey)
  Pikel (D:8)
  A lindwurm (Lair:4)
  9 ugly things
  A necromancer (IceCv)
  5 manticores
  4 cyclopes
  7 centaur zombies
  A salamander (Snake:1)
  2 ice statues (IceCv)
  4 black mambas
  14 elephants
  Joseph (D:7)
  A guardian serpent (Snake:1)
  A torpor snail (Lair:6)
  2 gargoyles
  A naga mage (Snake:1)
  Maggie (D:8)
  4 rime drakes (Lair:5)
  9 cane toads
  10 komodo dragons
  5 ice devils (IceCv)
  8 trolls
  3 meliai (D:15)
  11 blink frogs
  3 polar bears
  7 hippogriffs
  A raiju (shapeshifter) (D:15)
  10 slime creatures
  7 dream sheep (Lair:4)
  Sigmund (D:2)
  2 shadows (D:14)
  A vampire (D:13)
  10 wyverns
  2 wraiths
  Grum (D:11)
  Eustachio (D:5)
  A hog (Lair:5)
  44 yaks
  5 vampire mosquitoes
  11 basilisks
  5 fire elementals (D:11)
  4 fire bats (Orc:1)
  A steam dragon (D:13)
  7 wargs (Orc:2)
  Menkaure (D:4)
  3 nagas
  5 soldier ants (Lair:2)
  Edmund (D:4)
  19 water moccasins
  A hell hound (Lair:5)
  An acid dragon (D:11)
  24 orc warriors
  5 porcupines
  4 phantoms
  3 sky beasts
  A black bear (D:7)
  A hornet zombie (D:14)
  An ice beast (D:11)
  2 eyes of draining
  14 ogres
  9 wolves
  A lemure (D:8)
  10 crocodiles
  17 centaurs
  8 big kobolds
  12 bullfrogs
  6 gnoll sergeants
  2 wyvern zombies
  2 wyvern skeletons
  A scorpion (D:13)
  13 killer bees
  19 wights
  6 howler monkeys
  2 electric eels
  3 bullfrog zombies
  3 quasits
  6 hounds
  Crazy Yiuf (D:2)
  7 jellies
  44 orc priests
  19 orc wizards
  9 centaur skeletons
  Ijyb (D:4)
  3 iguanas
  18 worker ants
  A killer bee zombie (D:5)
  16 gnolls
  10 adders
  An ogre simulacrum (IceCv)
  2 river rats (D:6)
  3 shadow imps
  A white imp (D:6)
  An ufetubus (D:7)
  An ooze (D:4)
  An adder skeleton (D:6)
  9 worms
  8 leopard geckos
  120 orcs
  7 bats
  9 giant cockroaches
  16 hobgoblins
  13 jackals
  7 quokkas
  3 ball pythons (Sewer)
  5 frilled lizards
  9 goblins
  28 kobolds
  13 rats
889 creatures vanquished.

Vanquished Creatures (collateral kills)
  2 hydras (Lair:5)
  A black mamba (Snake:1)
  A troll (D:7)
  A blink frog (Lair:5)
  A hippogriff (Lair:5)
  2 wyverns (Lair:5)
  2 basilisks (Lair:5)
  An ice beast (D:7)
11 creatures vanquished.

Vanquished Creatures (others)
  An orc priest (D:14)
  A bush (D:7)
  15 fungi
  40 plants
57 creatures vanquished.

Grand Total: 957 creatures vanquished

Notes
Turn   | Place    | Note
-------+----------+-------------------------------------------
     0 | D:1      | Flugslaktarn the Troll Fighter began the quest for the Orb.
     0 | D:1      | Reached XP level 1. HP: 22/22 MP: 0/0
   119 | D:1      | Reached XP level 2. HP: 29/29 MP: 1/1
   559 | D:1      | Reached skill level 3 in Unarmed Combat
   777 | D:2      | Reached XP level 3. HP: 33/36 MP: 2/2
   853 | D:2      | Found a radiant altar of Vehumet.
   855 | D:2      | Noticed Sigmund
   890 | D:2      | Killed Sigmund
   890 | D:2      | Reached skill level 5 in Unarmed Combat
   890 | D:2      | Reached XP level 4. HP: 3/45 MP: 3/3
   890 | D:2      | Reached XP level 5. HP: 4/53 MP: 4/4
  1193 | D:2      | Found a sparkling altar of Nemelex Xobeh.
  1193 | D:2      | Found a burning altar of Makhleb.
  1198 | D:2      | Became a worshipper of Makhleb the Destroyer
  1221 | D:2      | Noticed a water moccasin
  1222 | D:2      | Found a white marble altar of Elyvilon.
  1230 | D:2      | Killed a water moccasin
  1230 | D:2      | Reached XP level 6. HP: 49/62 MP: 5/5
  1490 | D:2      | Found a basalt altar of Yredelemnul.
  1542 | D:2      | Found a runed translucent door.
  1543 | D:2      | Noticed Crazy Yiuf
  1782 | D:2      | Found a bloodstained altar of Trog.
  1971 | D:2      | Killed Crazy Yiuf
  2213 | D:3      | Found a stormy altar of Qazlal.
  2358 | D:3      | Found a faded altar of an unknown god.
  2568 | D:3      | Reached skill level 6 in Unarmed Combat
  2578 | D:3      | Reached * piety under Makhleb
  2658 | D:3      | Found an ancient bone altar of Kikubaaqudgha.
  3073 | D:4      | Noticed Edmund
  3082 | D:4      | Killed Edmund
  3082 | D:4      | Reached XP level 7. HP: 64/71 MP: 6/6
  3506 | D:4      | Reached skill level 7 in Unarmed Combat
  3567 | D:4      | Noticed Ijyb
  3599 | D:4      | Killed Ijyb
  3806 | D:4      | Noticed Menkaure
  3812 | D:4      | Killed Menkaure
  3949 | D:5      | Entered Level 5 of the Dungeon
  3949 | D:5      | Found Ujigyrye's Book Emporium.
  3958 | D:5      | Reached skill level 5 in Fighting
  3961 | D:5      | Reached XP level 8. HP: 80/80 MP: 7/7
  3961 | D:5      | Noticed Eustachio
  3980 | D:5      | Killed Eustachio
  3980 | D:5      | Reached skill level 8 in Unarmed Combat
  4121 | D:5      | Reached ** piety under Makhleb
  4189 | D:5      | Found a hazy altar of Hepliaklqana.
  4270 | D:5      | Reached skill level 9 in Unarmed Combat
  4408 | D:5      | Found a broken altar of Ashenzari.
  4469 | D:5      | Found Biele's Distillery.
  4748 | D:6      | Found a staircase to the Ecumenical Temple.
  4908 | D:6      | Found a glowing drain.
  4912 | Sewer    | Entered a sewer
  5063 | Sewer    | Reached XP level 9. HP: 89/89 MP: 8/8
  5385 | D:7      | Reached skill level 1 in Invocations
  5717 | D:7      | Reached skill level 10 in Unarmed Combat
  5718 | D:7      | Noticed Joseph
  5935 | D:7      | Killed Joseph
  6397 | D:8      | Noticed a +0 dagger
  6399 | D:8      | Noticed a -3 dagger
  6409 | D:8      | Found a hide-covered altar of Uskayaw.
  6497 | D:8      | Noticed Pikel
  6528 | D:8      | Killed Pikel
  6528 | D:8      | Reached skill level 1 in Evocations
  6588 | D:8      | Noticed Maggie
  6591 | D:8      | Reached *** piety under Makhleb
  6601 | D:8      | Killed Maggie
  6980 | D:9      | Reached XP level 10. HP: 100/100 MP: 11/11
  7197 | D:9      | Noticed a two-headed ogre
  7202 | D:9      | Killed a two-headed ogre
  7288 | D:9      | Noticed a two-headed ogre
  7297 | D:9      | Killed a two-headed ogre
  7335 | D:9      | Noticed a two-headed ogre
  7339 | D:9      | Killed a two-headed ogre
  7344 | D:9      | Reached skill level 5 in Invocations
  7456 | D:9      | Found an ornate altar of the Wu Jian Council.
  7493 | D:10     | Entered Level 10 of the Dungeon
  7597 | D:7      | Noticed a manticore
  7597 | D:7      | Noticed a gargoyle
  8033 | D:7      | Killed a gargoyle
  8033 | D:7      | Reached skill level 5 in Dodging
  8033 | D:7      | Reached skill level 5 in Shields
  8089 | D:7      | Killed a manticore
  8089 | D:7      | Reached XP level 11. HP: 72/107 MP: 14/14
  8126 | D:7      | Noticed a skeletal warrior
  8143 | D:7      | Killed a skeletal warrior
  8405 | D:10     | Found the +3 robe of Folly {Archmagi, MR-- Int+5}
  8427 | D:10     | Gained mutation: You are robust. (+10% HP) [potion of
                  | mutation]
  8427 | D:10     | Gained mutation: You possess an exceptional clarity of
                  | mind. [potion of mutation]
  8427 | D:10     | Gained mutation: Your spells are a little easier to cast,
                  | but a little less powerful. [potion of mutation]
  8427 | D:10     | Gained mutation: Your flesh is cold resistant. (rC+)
                  | [potion of mutation]
  8449 | D:10     | Noticed a centaur warrior
  8457 | D:10     | Killed a centaur warrior
  8567 | D:10     | Found a staircase to the Lair.
  8684 | D:10     | Found a staircase to the Orcish Mines.
  8686 | D:10     | Reached **** piety under Makhleb
  8983 | D:10     | Reached skill level 5 in Evocations
  9064 | D:10     | Noticed Fannar
  9117 | D:10     | Killed Fannar
  9325 | D:11     | Noticed Grum
  9332 | D:11     | Killed Grum
  9402 | D:11     | Noticed Erica
  9411 | D:11     | Noticed Gastronok
  9414 | D:11     | Killed Erica
  9444 | D:11     | Killed Gastronok
  9480 | D:11     | Found an ancient bone altar of Kikubaaqudgha.
  9599 | D:11     | Reached XP level 12. HP: 122/129 MP: 15/15
  9610 | D:11     | Reached skill level 11 in Unarmed Combat
  9742 | D:11     | Reached ***** piety under Makhleb
 10414 | D:12     | Noticed Azrael
 10470 | Lair:1   | Entered Level 1 of the Lair of Beasts
 11130 | Lair:2   | Found a staircase to the Shoals.
 11278 | Lair:2   | Reached skill level 12 in Unarmed Combat
 11458 | Lair:2   | Noticed a queen ant
 11466 | Lair:2   | Killed a queen ant
 11565 | Lair:2   | Got a scintillating platinum ring
 11638 | Lair:2   | Noticed a seven-headed hydra
 11661 | Lair:2   | Killed a 12-headed hydra
 12676 | Lair:3   | Reached XP level 13. HP: 144/144 MP: 16/16
 12779 | Lair:3   | Identified the ring of Wishful Thinking {Fire MP-9 Str+7
                  | Int+3} (You found it on level 2 of the Lair of Beasts)
 12840 | Lair:3   | Reached skill level 13 in Unarmed Combat
 13380 | Lair:4   | Got a heavily runed turquoise ring
 13381 | Lair:4   | Identified the ring of Toabre Eptoq {rN+ MR+ Slay+3 Stlth-}
                  | (You found it on level 4 of the Lair of Beasts)
 13699 | Lair:4   | Reached ****** piety under Makhleb
 13886 | Lair:4   | Found a staircase to the Snake Pit.
 14328 | Lair:5   | Reached skill level 10 in Fighting
 14959 | Lair:5   | Reached XP level 14. HP: 157/157 MP: 17/17
 15233 | Lair:5   | Found a staircase to the Slime Pits.
 15234 | Lair:5   | Found a viscous altar of Jiyva.
 15352 | Lair:6   | Entered Level 6 of the Lair of Beasts
 15352 | Lair:6   | Noticed Kirke
 15379 | Lair:5   | Killed Kirke
 15812 | Lair:6   | Noticed Nessos
 15825 | Lair:6   | Killed Nessos
 16177 | Lair:6   | Noticed Sonja
 16180 | Lair:6   | Killed Sonja
 16339 | Lair:6   | Reached skill level 14 in Unarmed Combat
 16366 | Lair:6   | Reached skill level 10 in Dodging
 16736 | D:11     | HP: 2/158 [Azrael/fireball (16)]
 17067 | D:12     | Found Hudiepp's Book Boutique.
 17184 | D:12     | Noticed Nergalle
 17203 | D:12     | Killed Nergalle
 17725 | D:12     | Found Eniulau's Antique Weapon Boutique.
 18301 | D:13     | Noticed an ironheart preserver
 18480 | D:13     | Reached XP level 15. HP: 68/169 MP: 8/18
 19203 | D:13     | Found a gate to the Vaults.
 19660 | D:14     | Reached skill level 15 in Unarmed Combat
 19857 | D:14     | Found a frozen archway.
 19870 | IceCv    | Entered an ice cave
 19990 | IceCv    | Found the +3 sling "Punk" {acid, rCorr}
 20473 | D:15     | Entered Level 15 of the Dungeon
 21089 | D:15     | Found Hikla's Book Shoppe.
 21583 | D:15     | Found a staircase to the Depths.
 21928 | D:11     | Killed Azrael
 21983 | Orc:1    | Entered Level 1 of the Orcish Mines
 22005 | Orc:1    | Found a flagged portal.
 22017 | Bailey   | Entered a bailey
 22084 | Bailey   | Reached skill level 16 in Unarmed Combat
 22306 | Orc:2    | Entered Level 2 of the Orcish Mines
 22382 | Orc:2    | Noticed donkeybrains's ghost (journeyman MiBe)
 22407 | Orc:2    | Found a transporter.
 22419 | Orc:2    | Found Jiesmif's Magic Scroll Emporium.
 22428 | Orc:2    | Bought a scroll of blinking for 120 gold pieces
 22548 | Orc:2    | Found a roughly hewn altar of Beogh.
 22557 | Orc:2    | Found Lul Ali's Antique Weapon Emporium.
 22586 | Orc:2    | Found Jirghuro's Weapon Shop.
 22684 | Orc:2    | Reached XP level 16. HP: 179/183 MP: 16/19
 22717 | Orc:2    | Found Xaopy's Distillery.
 22747 | Orc:2    | Found Meigegg's Magic Scroll Shop.
 22984 | Orc:2    | Found a staircase to the Elven Halls.
 23212 | Orc:2    | Found a transporter.
 23449 | Orc:2    | Identified the cursed +1 war axe "Ifiryj" {vorpal, rPois
                  | rN+}
 23539 | Orc:1    | Noticed Erolcha
 23553 | Orc:1    | Killed Erolcha
 23714 | Orc:1    | Found Lyoxkear's Magic Scroll Shoppe.
 24186 | Snake:1  | Entered Level 1 of the Snake Pit
 24378 | Snake:1  | Slain by a naga warrior

Illustrated notes

Levels and vault maps discovered:
D:1:      sevenhm_arrival_forest_fort_large_4, layout_loops_ring
D:2:      layout_loops_ring, yredelemnul_altar_generic, marbit_many_paths,
          elyvilon_altar_5, gammafunk_temple_overflow_elements,
          old_standard_altar, uniq_crazy_yiuf_cottage, uniq_sigmund
D:3:      layout_loops_corners, old_standard_altar,
          chequers_ecumenical_altar_simple, grunt_qazlal_clouds
D:4:      layout_gridville, uniq_ijyb, uniq_edmund, uniq_menkaure
D:5:      layout_cave_pools, lemuel_crystal_altar, lemuel_round_altar,
          serial_shops, shop_coins, nicolae_shop_statue_plus,
          eino_small_chamber_without_monster, uniq_eustachio
D:6:      layout_rooms, minmay_temple_entry_ruins, gup_sewer_entry_spiral
D:7:      minmay_klotski, layout_basic, uniq_joseph
D:8:      layout_rooms, dancing_weapons_uskayaw, uniq_pikel, uniq_maggie
D:9:      layout_long_grid, lemuel_coloured_pillars_altar
D:10:     layout_roguey, lair_entry_dummy,
          kennysheep_orc_monster_closet_entryway, uniq_fannar
D:11:     layout_basic, basic_altar, kennysheep_potato, uniq_erica,
          uniq_gastronok, uniq_grum
D:12:     layout_loops_cross, serial_shops, nicolae_shop_statue_plus,
          nicolae_shop_competitors_out_of_business, uniq_nergalle, uniq_azrael
D:13:     layout_long_grid, skrybe_vaults_entry_preservation,
          minmay_misc_feat_doors
D:14:     layout_roguey, minivault_27, portal_ice_cave_entry_pillars_2,
          minmay_misc_feat_chi, drop_trap
D:15:     hangedman_depths_entry_try_elsewhere_first, layout_basic,
          chequers_serial_rivers_micro_b, serial_shops, shop
Lair:1:   layout_gridlike, zaba_anthole
Lair:2:   layout_gridlike, shoals_dummy_entry, nicolae_volcano_entry_s_turn,
          serial_rivers, chequers_serial_rivers_room_a,
          chequers_serial_rivers_micro_a, chequers_serial_rivers_micro_a,
          chequers_serial_rivers_large_b, chequers_serial_rivers_room_a,
          chequers_serial_rivers_micro_e, minmay_another_anthill,
          infiniplex_staircase_pool
Lair:3:   layout_chaotic_city
Lair:4:   layout_long_grid, guppyfry_snake_entry_garden, wad_woods_river_01
Lair:5:   layout_roguey [special_room_mythical_zoo], slime_altar_1,
          minivault_11, beast_lair_carwin_1, grunt_megastairs_4
Lair:6:   evilmike_catoblepas_cave, layout_long_grid, minivault_26,
          lemuel_fruit_tree, grunt_megastairs_3, uniq_nessos, uniq_sonja,
          uniq_kirke
Snake:1:  layout_rooms, special_room
Orc:1:    layout_diamond_mine, serial_shops, nicolae_shop_stone, enter_bailey_4,
          nicolae_orc_lava_tube, uniq_erolcha
Orc:2:    st_orc_town, layout_diamond_mine, gammafunk_ghost_wrathful_warriors,
          serial_shops, shop_scrolls, lightli_orcish_oven

Skill      XL: |  1  2  3  4  5  6  7  8  9 10 11 12 13 14 15 16 |
---------------+-------------------------------------------------+-----
Unarmed Combat | 3 5 6 7 9 10 12 13 14 16 | 16.6
Fighting       | 3 4 5 6 7 9 10 11 12 13 | 13.3
Invocations    | 3 5 6 |  6.0
Dodging        | 3 5 6 9 10 11 | 11.0
Shields        | 3 5 8 9 |  9.0
Evocations     | 2 4 5 |  5.0

Action                   |  1- 3 |  4- 6 |  7- 9 | 10-12 | 13-15 | 16-18 || total
-------------------------+-------+-------+-------+-------+-------+-------++-------
Melee: Unarmed           |    94 |   129 |   378 |   821 |  1433 |   175 ||  3030
Invok: Lesser Servant of |       |       |       |     2 |     3 |     2 ||     7
Evoke: Wand              |       |       |       |     4 |     8 |       ||    12
  Use: Potion            |     2 |       |     2 |     3 |    11 |       ||    18
       Scroll            |       |     1 |    11 |    11 |    10 |     1 ||    34
 Stab: Sleeping          |       |     1 |     3 |       |       |       ||     4
       Distracted        |       |       |       |     1 |       |       ||     1
       Paralysed         |       |       |       |       |     6 |       ||     6
Armor: Robe              |    25 |    25 |   108 |       |       |       ||   158
       Swamp dragon scal |       |       |     7 |   219 |   335 |    34 ||   595
Dodge: Dodged            |    31 |    26 |   122 |   419 |   745 |    85 ||  1428
Block: Kite shield       |    35 |    43 |   171 |   475 |   821 |   115 ||  1660

Table legend: (Time is in decaauts)
 A = Elapsed time spent in this place.
 B = Non-inter-level travel time spent in this place.
 C = Inter-level travel time spent in this place.
 D = Time resting spent in this place.
 E = Time spent auto-exploring this place.
 F = Levels seen in this place.
 G = Mean time per level.
                   A        B        C        D        E       F      G
               +--------+--------+--------+--------+--------+-----+--------+
         Total |  24045 |  22458 |   1587 |    887 |  16821 |  27 |  890.6 |
       Dungeon |  15128 |  14058 |   1070 |    781 |  10321 |  15 | 1008.5 |
          Lair |   6322 |   5957 |    365 |    106 |   4818 |   6 | 1053.7 |
     Snake Pit |     66 |     66 |      0 |      0 |     11 |   1 |   66.0 |
  Orcish Mines |   1747 |   1595 |    152 |      0 |   1238 |   2 |  873.5 |
         Sewer |    323 |    323 |      0 |      0 |    210 |   1 |  323.0 |
        Bailey |    263 |    263 |      0 |      0 |    163 |   1 |  263.0 |
      Ice Cave |    194 |    194 |      0 |      0 |     60 |   1 |  194.0 |
               +--------+--------+--------+--------+--------+-----+--------+

Top non-repeatable levels by time:
     D:7: 1605 daAuts
  Lair:2: 1580 daAuts
    D:11: 1466 daAuts
     D:2: 1321 daAuts
    D:13: 1263 daAuts
    D:12: 1199 daAuts
  Lair:6: 1166 daAuts
  Lair:5: 1142 daAuts
   Orc:2: 1129 daAuts
    D:15: 1101 daAuts
  Lair:4: 1060 daAuts
    D:14: 1007 daAuts
     D:4: 1006 daAuts
     D:3: 973 daAuts
    D:10: 957 daAuts
